 Dungeon Crawl Stone Soup version 0.17.1-1-g73c8601 (webtiles) character file.

155 Killerpretzel the Conjurer (level 5, -2/28 HPs)
             Began as a Deep Elf Conjurer on Dec 30, 2015.
             Killed by divine providence
             ... invoked by an orc priest
              (12 damage)
             ... on level 3 of the Dungeon.
             The game lasted 00:12:37 (2883 turns).

Killerpretzel the Conjurer (Deep Elf Conjurer)      Turns: 2883, Time: 00:12:37

Health: -2/28      AC:  2    Str:  6    XL:     5   Next: 14%
Magic:  7/11       EV: 13    Int: 20    God:
Gold:   104        SH:  0    Dex: 15    Spells: 2 memorised, 7 levels left

rFire  . . .     SeeInvis .     m - +1 dagger
rCold  . . .     Clarity  .     r - +0 robe
rNeg   . . .     SustAt   .     (no shield)
rPois  .         Gourm    .     (no helmet)
rElec  .         Spirit   .     (no cloak)
rCorr  .         Warding  .     (no gloves)
rMut   .         Stasis   .     (no boots)
MR     .....                    (no amulet)
Stlth  ++........               (no ring)
                                (no ring)

@: not resistant to hostile enchantments, unstealthy
A: no striking features
a: no special abilities


You were on level 3 of the Dungeon.
You were not hungry.

You visited 1 branch of the dungeon, and saw 3 of its levels.

You collected 104 gold pieces.

Inventory:

Hand Weapons
 a - a +0 hunting sling
 m - a +1 dagger (weapon)
Missiles
 d - 106 stones (quivered)
 f - 4 exploding tomahawks
Armour
 e - a cursed +0 chain mail
 n - a +0 cloak
 r - a +0 robe (worn)
Scrolls
 g - 3 scrolls of amnesia
 h - a scroll of remove curse
 j - a scroll of random uselessness
 o - a scroll of teleportation
 q - a scroll of identify
Potions
 i - a potion of lignification
 k - a potion of degeneration {unknown}
 l - a potion of agility {unknown}
 p - a potion of curing
Books
 b - a book of Conjurations

   Spells                             Type                      Level
   a - Magic Dart                     Conjuration                  1
   b - Searing Ray                    Conjuration                  2
   c - Dazzling Spray                 Conjuration/Hexes            3
   d - Fulminant Prism                Conjuration/Hexes            4
   e - Iskenderun's Mystic Blast      Conjuration                  4
   f - Iskenderun's Battlesphere      Conjuration/Charms           5
Comestibles
 c - 2 bread rations
 s - a royal jelly


   Skills:
 - Level 2.4 Dodging
 - Level 2.4 Stealth
 - Level 3.0 Spellcasting
 + Level 7.1 Conjurations


You had 7 spell levels left.
You knew the following spells:

 Your Spells              Type           Power        Failure   Level  Hunger
a - Magic Dart            Conj           ####         1%          1    None
b - Searing Ray           Conj           ####..       1%          2    ##.....


Dungeon Overview and Level Annotations

Branches:
Dungeon (3/15)

Altars:


Message History

An orc priest comes into view. It is wielding a short sword.
Casting: Magic Dart
Confirm with . or Enter, or press ? or * to list all spells.
Aiming: Magic Dart
Press: ? - help, Shift-Dir - straight line, f/p - orc priest
Aim: an orc priest, wielding a dagger (almost dead)
The magic dart hits the orc priest.
You kill the orc priest!
Your Conjurations skill increases to level 7!
You have reached level 5!
The orc priest shouts!
The orc priest invokes the aid of Beogh against you.
Something smites you!
Ouch! That really hurt!
The orc priest miscasts a cantrip.
You open the door. The orc hits you with a hand axe.
There is an open door here.
The orc priest mumbles some strange prayers to Beogh against you.
Something smites you!
You die...

#>.........######
#####................
#......#...........#
#......+...........#
#....).#.o.........#
#......o...........#
#.....o#####.......#
#......# #.......#
#...@..# #.......##
#......#########.....
#.....##.......##....
#####'#.⌠#####⌠.#....
####'#)##...##.#....
#....#.#.⌠.⌠.#.##...
#....'.#..<....##..#
#....#.#.⌠.⌠.#.###.#
#....#.##...##.# ..


You could see an orc priest and 2 orcs.

Vanquished Creatures
  An orc priest (D:3)
  An orc wizard (D:3)
  2 adders (D:2)
  2 oozes
  2 worms (D:2)
  4 giant geckos
  2 orcs (D:3)
  3 ball pythons
  3 giant cockroaches (D:1)
  4 goblins
  7 hobgoblins
  A quokka (D:2)
  7 bats
  4 giant newts
  8 kobolds
  10 rats
61 creatures vanquished.

Notes
Turn   | Place    | Note
--------------------------------------------------------------
     0 | D:1      | Killerpretzel the Deep Elf Conjurer began the quest for the Orb.
     0 | D:1      | Reached XP level 1. HP: 10/10 MP: 6/6
   192 | D:1      | Reached XP level 2. HP: 15/15 MP: 5/8
   196 | D:1      | Learned a level 2 spell: Searing Ray
   242 | D:1      | Reached skill level 5 in Conjurations
   931 | D:2      | Reached XP level 3. HP: 19/19 MP: 5/9
  1594 | D:2      | Reached skill level 6 in Conjurations
  1802 | D:2      | Reached XP level 4. HP: 24/24 MP: 3/10
  2862 | D:3      | Reached skill level 7 in Conjurations
  2862 | D:3      | Reached XP level 5. HP: 28/28 MP: 5/11
  2883 | D:3      | Killed from afar by an orc priest

Action                   |  1- 3 |  4- 6 || total
-------------------------+-------+-------++-------
 Cast: Magic Dart        |    79 |    45 ||   124
       Searing Ray       |     4 |     1 ||     5
  Use: Scroll            |     7 |       ||     7
  Eat: Chunk             |     3 |     3 ||     6
